 Dungeon Crawl Stone Soup version 0.28.0-53-g5a82cb258f (webtiles) character file.

Game seed: 17114799161716050680

126 DemonSlayer the Firebug (level 4, -3/31 HPs)
             Began as a Demonspawn Fire Elementalist on July 21, 2022.
             Was an Initiate of Cheibriados.
             Killed from afar by an orc wizard (10 damage)
             ... with a puff of flame
             ... on level 4 of the Dungeon.
             The game lasted 00:08:03 (3846 turns).

DemonSlayer the Firebug (DsFE)                      Turns: 3846, Time: 00:08:05

Health: -3/31      AC:  3    Str:  9    XL:     4   Next: 84%
Magic:  0/8        EV: 12    Int: 20    God:    Cheibriados [......]
Gold:   171        SH:  0    Dex: 14    Spells: 0/9 levels left

rFire   . . .      SeeInvis .   c - +2 mace (drain)
rCold   . . .      Faith    .   (no shield)
rNeg    . . .      Spirit   .   a - +0 robe
rPois   +          Reflect  .   (helmet restricted)
rElec   .          Harm     .   f - +0 cloak
rCorr   .          Rampage  .   (no gloves)
Will    .....                   (no boots)
Stlth   ++........              (no amulet)
HPRegen 0.10/turn               l - ring of poison resistance
MPRegen 0.11/turn               (no ring)

@: very slow
A: horns 1
a: Renounce Religion


You were on level 4 of the Dungeon.
You worshipped Cheibriados.
Cheibriados was noncommittal.
You visited 2 branches of the dungeon, and saw 5 of its levels.

You collected 171 gold pieces.

Inventory:

Hand Weapons
 c - a +2 mace of draining (weapon)
Missiles
 d - 6 curare-tipped darts
Armour
 a - a +0 robe (worn)
 f - a +0 cloak (worn)
Jewellery
 l - a ring of poison resistance (left hand)
Wands
 g - a wand of iceblast (8)
Scrolls
 b - 3 scrolls of amnesia
 e - a scroll of fear {unknown}
 i - a scroll of immolation {unknown}
 j - 2 scrolls of teleportation {unknown}
 k - 3 scrolls of identify {unknown}
Potions
 h - 3 potions of curing {unknown}
 m - a potion of might {unknown}
 n - 2 potions of resistance {unknown}


   Skills:
 + Level 0.4 Fighting
 + Level 0.5 Maces & Flails
 + Level 1.0 Slings
 + Level 1.8 Dodging
 + Level 1.8 Stealth
 + Level 3.1 Spellcasting
 + Level 1.2 Conjurations
 + Level 3.9 Fire Magic


You couldn't memorise any spells.
You knew the following spells:

 Your Spells              Type           Power      Damage    Failure   Level
a - Foxfire               Conj/Fire      52%        2x1d6     4%          1
b - Scorch                Fire           36%        2d6       4%          2
c - Frozen Ramparts       Ice            6%         1d2       38%         3
d - Conjure Flame         Conj/Fire      13%        6-21      14%         3

Your spell library contained the following spells:

 Spells                   Type           Power      Damage    Failure   Level
 Inner Flame              Hex/Fire       10%        N/A       19%         3
 Flame Wave               Conj/Fire      13%        2d6       43%         4
 Ice Form                 Ice/Tmut       3%         N/A       80%         4
 Summon Ice Beast         Ice/Summ       3%         N/A       80%         4


Dungeon Overview and Level Annotations

Branches:
Dungeon (4/15)             Temple (1/1) D:4

Altars:
Ashenzari
Cheibriados
Hepliaklqana
Makhleb
Qazlal
Vehumet
Wu Jian


Innate Abilities, Weirdness & Mutations

You have a pair of small horns on your head.


Message History

Found a leather armour.
The orc completely misses you. The orc hits you with a +0 mace.
Flames lash the orc wizard.
The orc wizard is heavily wounded.
The orc wizard's fire resistance burns away.
The orc hits you with a +0 mace.
The orc wizard hits you but does no damage.
Flames lash the orc.
The orc is heavily wounded.
The orc's fire resistance burns away.
The orc closely misses you. x2
The orc wizard barely misses you.
Flames lash the orc.
The orc is burned terribly!
You kill the orc!
Cheibriados appreciates the change of pace.
The orc hits you with a +0 hand axe. The orc wizard misses you.
The orc closely misses you.
Flames lash the orc.
You kill the orc!
Cheibriados thoroughly appreciates the change of pace.
The orc closely misses you.
The orc wizard hits you with a +0 dagger.
You are too depleted to draw on your mana recklessly!
You are too depleted to draw on your mana recklessly!
You barely miss the orc wizard.
The orc wizard is heavily wounded.
The orc wizard is no longer more vulnerable to fire.
The orc closely misses you.
The orc wizard hits you with a +0 dagger.
You miss the orc wizard.
The orc wizard is heavily wounded.
The orc closely misses you.
The orc wizard hits you with a +0 dagger.
The orc completely misses you.
You closely miss the orc wizard.
The orc wizard is heavily wounded.
The orc wizard barely misses you. The orc hits you with a +0 hand axe.
* * * LOW HITPOINT WARNING * * *
The orc wizard gestures at you while chanting.
The puff of flame hits you!
You die...

#############
#...........[
#............
#............
#............
#............
#....)o......
#....@o).....
#######+##'######+###
#....................
+....................
#....................
#..........^.........
######....................
..........................
.......>...†.)............


You could see an orc wizard and an orc.

Vanquished Creatures
  A scorpion (D:3)
  2 worms
  3 dart slugs
  2 orcs (D:4)
  5 endoplasms (D:1)
  3 giant cockroaches
  9 goblins
  4 hobgoblins
  2 jackals (D:1)
  2 quokkas
  3 ball pythons
  6 bats
  3 frilled lizards
  3 kobolds
  6 rats
54 creatures vanquished.

Vanquished Creatures (others)
  96 foxfires
96 creatures vanquished.

Grand Total: 150 creatures vanquished

Notes
Turn   | Place    | Note
-------+----------+-------------------------------------------
     0 | D:1      | DemonSlayer the Demonspawn Fire Elementalist began the
                  | quest for the Orb.
     0 | D:1      | Reached XP level 1. HP: 13/13 MP: 3/3
   342 | D:1      | Gained mutation: You have a pair of small horns on your
                  | head. [demonic ancestry]
   342 | D:1      | Reached XP level 2. HP: 8/19 MP: 3/5
   745 | D:1      | Learned a level 2 spell: Scorch
  1149 | D:1      | Found a faded altar of an unknown god.
  1550 | D:2      | Reached XP level 3. HP: 24/24 MP: 1/6
  2505 | D:2      | Learned a level 3 spell: Frozen Ramparts
  2673 | D:3      | Noticed a scorpion
  2682 | D:3      | Killed a scorpion
  2683 | D:3      | Reached skill level 1 in Slings
  2683 | D:3      | Reached XP level 4. HP: 31/31 MP: 0/8
  3373 | D:3      | Learned a level 3 spell: Conjure Flame
  3561 | D:4      | Found a staircase to the Ecumenical Temple.
  3572 | Temple   | Entered the Ecumenical Temple
  3631 | Temple   | Became a worshipper of Cheibriados the Contemplative
  3846 | D:4      | Killed from afar by an orc wizard

Illustrated notes

Levels and vault maps discovered:
D:1:      dpeg_arrival_chambers_temple_mockup, layout_rooms,
          shapermc_ecumenical_altar_pompeii, minmay_misc_feat_tower, st_stairs_4
D:2:      minmay_chambers_of_ones, layout_basic, nrook_mini_vaults
D:3:      layout_loops_ring
D:4:      layout_gridville, minmay_temple_entry_water_ring
Temple:   regret_index_temple_mists

Skill      XL: |  1  2  3  4 |
---------------+-------------+-----
Fire Magic     | 3 |  3.9
Slings         | 1 |  1.0
Spellcasting   | 3 |  3.1
Fighting       | |  0.4
Maces & Flails | |  0.5
Dodging        | |  1.8
Stealth        | |  1.8
Conjurations   | |  1.2

Action                   |  1- 3 |  4- 6 || total
-------------------------+-------+-------++-------
Melee: Mace              |    11 |    18 ||    29
 Fire: Hunting sling     |    35 |       ||    35
Throw: Dart              |     1 |       ||     1
 Cast: Foxfire           |    60 |       ||    60
       Scorch            |    12 |    16 ||    28
  Use: Scroll            |     1 |       ||     1
Armor: Robe              |    11 |     9 ||    20
Dodge: Dodged            |    25 |    23 ||    48
